 Dungeon Crawl Stone Soup version 0.25-a0-287-g56a5b49892 (webtiles) character file.

Game seed: 9693291472418587920, levelgen mode: deterministic

9 kae the Firebug (level 2, 0/15 HPs)
             Began as a Tengu Fire Elementalist on Dec 12, 2019.
             Slain by a jackal (2 damage)
             ... on level 1 of the Dungeon.
             The game lasted 00:00:23 (232 turns).

kae the Firebug (Tengu Fire Elementalist)            Turns: 232, Time: 00:00:23

Health: 0/15       AC:  4    Str:  8    XL:     2   Next: 12%
Magic:  1/6        EV: 12    Int: 15    God:
Gold:   13         SH:  0    Dex: 14    Spells: 4/5 levels left

rFire    . . .     SeeInvis .   (no weapon)
rCold    . . .     Gourm    .   (no shield)
rNeg     . . .     Faith    .   a - +0 robe
rPois    +         Spirit   .   (helmet restricted)
rElec    .         Reflect  .   (no cloak)
rCorr    .         Harm     .   (no gloves)
MR       .....                  (boots unavailable)
Stlth    ++........             (no amulet)
HPRegen  0.05/turn              (no ring)
MPRegen  0.10/turn              (no ring)

@: very slightly contaminated
A: beak, talons 3, thin metallic scales 1, poison resistance
a: no special abilities


You were on level 1 of the Dungeon.
You were not hungry.

You visited 1 branch of the dungeon, and saw 1 of its levels.

You collected 13 gold pieces.

Inventory:

Armour
 a - a +0 robe (worn)
Scrolls
 b - 3 scrolls of noise {unknown}
Potions
 e - 2 potions of heal wounds {unknown}
Comestibles
 c - 2 rations
 f - 2 chunks of flesh


   Skills:
 - Level 2.1 Dodging
 - Level 2.0 Stealth
 + Level 2.1 Spellcasting
 * Level 2.1 Conjurations
 * Level 3.5 Fire Magic


You had 4 spell levels left.
You knew the following spells:

 Your Spells              Type           Power        Failure   Level  Hunger
a - Foxfire               Conj/Fire      ##..         7%          1    #......

Your spell library contained the following spells:

 Spells                   Type           Power        Failure   Level  Hunger
 Conjure Flame            Conj/Fire      ##......     21%         3    ###....
 Inner Flame              Hex/Fire       #.......     32%         3    ###....
 Sticky Flame             Conj/Fire      ##......     56%         4    #####..
 Fireball                 Conj/Fire      ##........   88%         5    ######.


Dungeon Overview and Level Annotations

Branches:
Dungeon (1/15)

Altars:


Innate Abilities, Weirdness & Mutations

You have a beak for a mouth.
You have claws for feet.
You are partially covered in thin metallic scales. (AC +2)
Your system is resistant to poisons. (rPois)


Message History

The jackal bites you. The jackal barely misses you.
The jackal closely misses you. The jackal bites you.
* * * LOW HITPOINT WARNING * * *
You closely miss the jackal. Your kick misses the jackal.
Your peck misses the jackal.
The jackal is severely wounded.
The jackal bites you but does no damage. x2
The jackal misses you. The jackal bites you.
* * * LOW HITPOINT WARNING * * *
The jackal bites you but does no damage.
You hit the jackal. Your peck misses the jackal.
The jackal is almost dead.
The jackal misses you.
The jackal bites you but does no damage.
The jackal barely misses you.
It was a potion of mutation.
You feel extremely strange.
Thin metallic scales grow over part of your body.
You feel resistant to poisons. The jackal bites you.
You die... ##.## #........ #...# ########## ###...### #.# #.......# #.# #.......# #.# #.......# #.# ###...### #.###### #hhh#

##......### ##@##
##....###.>.
#.#####.#####....#####.#
#......†......#....# #..
#######.##.........###.#
#.##.........##.##
#.##..............
#............#####
####.........#####
#..............


You could see 3 jackals.

Vanquished Creatures
  A goblin (D:1)
  4 jackals (D:1)
  A kobold (D:1)
  2 rats (D:1)
8 creatures vanquished.

Vanquished Creatures (others)
  16 foxfires (D:1)
16 creatures vanquished.

Grand Total: 24 creatures vanquished

Notes
Turn   | Place    | Note
-------+----------+-------------------------------------------
     0 | D:1      | kae the Tengu Fire Elementalist began the quest for the
                  | Orb.
     0 | D:1      | Reached XP level 1. HP: 10/10 MP: 4/4
   213 | D:1      | Reached XP level 2. HP: 15/15 MP: 3/6
   232 | D:1      | Gained mutation: You are partially covered in thin metallic
                  | scales. (AC +2) [potion of mutation]
   232 | D:1      | Gained mutation: Your system is resistant to poisons.
                  | (rPois) [potion of mutation]
   232 | D:1      | Slain by a jackal

Levels and vault maps discovered:
D:1:      lemuel_arrival_hallway, layout_loops_ring

Skill      XL: |  1 |
---------------+----+-----
Conjurations   | 2 |  2.1
Dodging        | |  2.1
Stealth        | |  2.0
Spellcasting   | |  2.1
Fire Magic     | |  3.5

Action                   || total
-------------------------++-------
Melee: Unarmed           ||     4
 Cast: Foxfire           ||    11
  Use: Potion            ||     1
Armor: Robe              ||    10
Dodge: Dodged            ||    17

Table legend:
 A = Non-vault XP
 B = Vault XP
 C = Vault XP percentage of total XP
 D = Non-vault monster count
 E = Vault monster count
 F = Vault count percentage of total count
                 A         B        C        D         E       F
            +---------+---------+-------+---------+---------+-------
      Total |      13 |       0 |   0.0 |       8 |       0 |   0.0
            +---------+---------+-------+---------+---------+-------
        D:1 |      13 |       0 |   0.0 |       8 |       0 |   0.0
            +---------+---------+-------+---------+---------+-------
